 Dungeon Crawl Stone Soup version 0.18-a0-844-g9229740 (webtiles) character file.

119 tof the Covert (level 4, 0/23 HPs)
             Began as a Spriggan Assassin on Dec 19, 2015.
             Slain by tof's ghost (7 damage)
             ... on level 3 of the Dungeon.
             The game lasted 00:12:57 (3879 turns).

tof the Covert (Spriggan Assassin)                  Turns: 3879, Time: 00:12:57

Health: 0/23       AC:  3    Str:  7    XL:     4   Next: 73%
Magic:  5/5        EV: 18    Int: 12    God:
Gold:   154        SH:  0    Dex: 18    Spells: 1 memorised, 0 levels left

rFire  . . .     SeeInvis +     w - +3 dagger
rCold  . . .     Gourm    .     c - +0 robe
rNeg   . . .     Faith    .     (shield restricted)
rPois  .         Spirit   .     (helmet restricted)
rElec  .         Dismiss  +     d - +0 cloak
rCorr  .         Reflect  .     (gloves unavailable)
SustAt .         Harm     .     (boots unavailable)
MR     .....                    u - amulet of dismissal
Stlth  +++++.....               (no ring)
                                v - ring of flight

@: very quick, not resistant to hostile enchantments, quite stealthy
A: unfitting armour, see invisible, herbivore 3, speed 3, slow metabolism 2
a: Evoke Flight


You were on level 3 of the Dungeon.
You were not hungry.

You visited 1 branch of the dungeon, and saw 3 of its levels.

You collected 154 gold pieces.

Inventory:

Hand Weapons
 b - a +0 blowgun
 w - a +3 dagger (weapon)
Missiles
 e - 8 poisoned needles
 f - 2 curare-tipped needles
Armour
 c - a +0 robe (worn)
 d - a +0 cloak (worn)
Jewellery
 u - an amulet of dismissal (around neck)
 v - a ring of flight (left hand)
Scrolls
 h - 2 scrolls of teleportation {unknown}
 l - a scroll of fear {unknown}
 m - 4 scrolls of identify {unknown}
 q - a scroll of recharging {unknown}
 t - a scroll of amnesia {unknown}
Potions
 i - a potion of cure mutation {unknown}
 j - a potion of agility {unknown}
 n - a potion of heal wounds {unknown}
 p - a potion of curing {unknown}
 s - a potion of resistance {unknown}
Books
 r - a Fen Folio

   Spells                             Type                      Level
   a - Corpse Rot                     Necromancy                   2
   b - Stone Arrow                    Conjuration/Earth            3
   c - Leda's Liquefaction            Hexes/Earth                  4
   d - Summon Forest                  Summoning/Translocation      5
   e - Hydra Form                     Transmutation                6
   f - Summon Hydra                   Summoning                    7
Comestibles
 g - 4 bread rations
 k - 7 fruits


   Skills:
 + Level 1.7 Fighting
 * Level 2.9 Short Blades
 + Level 2.0 Throwing
 * Level 3.0 Dodging
 * Level 8.1 Stealth


You couldn't memorise any spells.
You knew the following spells:

 Your Spells              Type           Power        Failure   Level  Hunger
a - Stone Arrow           Conj/Erth      #.....       88%         3    ####...


Dungeon Overview and Level Annotations

Branches:
Dungeon (3/15)

Altars:
Sif Muna

Annotations:
D:3 tof's ghost, amateur MiMo


Innate Abilities, Weirdness & Mutations

You are tiny and cannot use many weapons and most armour.
You have supernaturally acute eyesight.
You are a herbivore.
You cover ground extremely quickly.
You need consume almost no food.


Message History

Tof's ghost is lightly damaged.
Tof's ghost hits you but does no damage.
You hit tof's ghost.
Tof's ghost is lightly damaged.
Tof's ghost closely misses you.
You miss tof's ghost.
Tof's ghost is lightly damaged.
You miss tof's ghost.
Tof's ghost is lightly damaged.
Tof's ghost hits you!
You barely miss tof's ghost.
Tof's ghost is lightly damaged.
Tof's ghost closely misses you.
You hit tof's ghost but do no damage.
Tof's ghost is lightly damaged.
Tof's ghost misses you.
You hit tof's ghost.
Tof's ghost is lightly damaged.
Tof's ghost hits you!
You die...

##### ##################.#.#
.................#.#.##########
################<#.............
#.............#.#.#.########
#.###########.#.#.#.##########
#.# #.#.#.#........... ####'##
#@#.#.############ (.....#
#######W#.#.............
......#
#.......#.##############
......# #................
......# #......##########
......####......#########
....>.'..'...............
......####........)......
###......#..................


You could see tof's ghost.

Vanquished Creatures
  4 adders
  An ooze (D:1)
  3 worms (D:2)
  5 orcs (D:3)
  10 bats
  2 giant cockroaches
  3 hobgoblins
  13 kobolds
  A quokka (D:3)
  3 ball pythons
  A giant newt (D:3)
  3 goblins
  8 jackals
  8 rats
65 creatures vanquished.

Notes
Turn   | Place    | Note
--------------------------------------------------------------
     0 | D:1      | tof the Spriggan Assassin began the quest for the Orb.
     0 | D:1      | Reached XP level 1. HP: 10/10 MP: 2/2
    17 | D:1      | Reached skill level 6 in Stealth
    65 | D:1      | Reached XP level 2. HP: 14/14 MP: 3/3
   360 | D:1      | You fall through a shaft!
   606 | D:2      | Reached skill level 7 in Stealth
   606 | D:2      | Reached XP level 3. HP: 13/18 MP: 4/4
  1232 | D:2      | Reached XP level 4. HP: 23/23 MP: 5/5
  1322 | D:2      | Found a faded altar to an unknown god.
  1436 | D:2      | Found a deep blue altar of Sif Muna.
  1597 | D:3      | Learned a level 3 spell: Stone Arrow
  1730 | D:3      | Reached skill level 8 in Stealth
  2143 | D:3      | Noticed tof's ghost (amateur MiMo)
  3879 | D:3      | Slain by tof's ghost

Vault maps used:
D:1:      lemuel_arrival_tunnels
D:2:      kennysheep_six_static_rooms, nicolae_overflow_crystal_walls,
          ecumenical_altar_1

Action                   |  1- 3 |  4- 6 || total
-------------------------+-------+-------++-------
Melee: Dagger            |    94 |   141 ||   235
 Stab: Sleeping          |    17 |     9 ||    26
       Distracted        |       |     2 ||     2
  Eat: Royal jelly       |       |     1 ||     1
